Map: Dreamcatcher LE

Players

Clem - Winner!

  • Race: Terran Terran
  • Spawn Location: 11:00

Majestic

  • Race: Protoss Protoss
  • Spawn Location: 5:00

Event: WCS Valencia 2018

VOD

Have the link to the VOD?

Description

Time

  • Played on: July 12, 2018, 8:13 a.m.
  • Length: 10:47

All games in this series

Show
View Real Time Build Order
Export as new Build Order

Clem Terran - Winner!

Build Orders: Reaper Expand, MMM Bio 

Get SALT Encoding   

  12  0:00  SCV  
  13  0:13  SCV  
  14  0:17  Supply Depot  
  14  0:25  SCV  
  15  0:39  SCV, Barracks  
  16  0:44  Refinery  
  16  0:51  SCV  
  17  1:03  SCV  
  18  1:15  SCV  
  19  1:27  Orbital Command  
  19  1:28  Reaper  
  20  1:40  Command Center  
  20  1:52  Barracks  
  20  1:56  SCV  
  20  2:01  Barracks Reactor  
  21  2:08  SCV  
  21  2:11  Supply Depot  
  22  2:21  SCV  
  23  2:23  Barracks  
  23  2:33  SCV  
  23  2:38  Marine x2  
  23  2:40  Barracks Tech Lab  
  25  2:45  SCV  
  25  2:47  Engineering Bay  
  26  2:53  Orbital Command  
  26  2:57  SCV  
  27  3:02  Stimpack  
  27  3:05  Marine  
  28  3:08  Marine  
  28  3:09  Marine  
  31  3:12  SCV  
  31  3:17  Terran Infantry Weapons Level 1  
  31  3:20  Marine  
  31  3:23  SCV  
  31  3:25  SCV  
  31  3:26  Marine  
  34  3:31  Missile Turret  
  34  3:33  Marine  
  35  3:34  Marine  
  35  3:38  SCV x2  
  35  3:40  Barracks Tech Lab  
  38  3:46  Supply Depot, Marine  
  39  3:50  SCV x2  
  39  3:51  Marine  
  42  3:55  Missile Turret  
  42  3:58  Combat Shields  
  42  3:59  Marine x2  
  44  4:03  SCV  
  44  4:04  SCV  
  44  4:07  Marine  
  44  4:09  Marine  
  48  4:13  Supply Depot  
  48  4:17  Marine  
  48  4:20  SCV x2  
  48  4:21  Marine  
  52  4:25  Marine  
  52  4:27  Marine  
  49  4:32  SCV x2  
  49  4:38  Marauder  
  53  4:40  Marauder  
  53  4:44  SCV x2, Marine x2  
  59  4:49  Supply Depot  
  59  4:56  SCV x2  
  61  5:02  Marine  
  61  5:04  Refinery  
  61  5:05  Supply Depot  
  61  5:06  Refinery  
  62  5:11  SCV x2, Marine x3  
  62  5:13  Factory  
  67  5:16  Refinery  
  67  5:18  Supply Depot  
  67  5:21  Marine  
  67  5:23  SCV x2  
  69  5:28  Marine x2  
  69  5:29  Supply Depot  
  69  5:32  Barracks Tech Lab  
  69  5:35  SCV x2  
  72  5:39  Marine  
  73  5:46  Marine x2  
  73  5:47  SCV x2  
  75  5:51  Marauder  
  70  5:58  Marauder  
  70  5:59  SCV x2  
  70  6:00  Factory Reactor, Starport  
  70  6:02  Terran Infantry Armor Level 1  
  67  6:04  Marine  
  61  6:11  SCV x2  
  61  6:12  Marauder  
  61  6:17  Marine, Barracks  
  64  6:20  Barracks  
  64  6:21  Marauder  
  64  6:22  Marine  
  67  6:34  Marauder  
  67  6:35  Marine  
  67  6:37  Concussive Shells  
  70  6:40  Marine  
  70  6:41  Marine  
  70  6:44  Factory Reactor  
  70  6:45  Medivac x2  
  75  6:52  Marine  
  76  6:55  Marauder  
  76  6:57  SCV x2  
  76  6:58  Marine  
  76  7:01  Marauder  
  83  7:02  Command Center  
  83  7:08  Supply Depot  
  83  7:09  Barracks Tech Lab, Barracks Reactor  
  83  7:10  Marine  
  83  7:15  Medivac x2, Marine  
  88  7:21  Missile Turret, Marine  
  88  7:22  Widow Mine x2  
  94  7:27  Supply Depot x2  
  94  7:30  Marine, Marauder  
  94  7:33  Marine, Marauder  
  100  7:39  Supply Depot  
  100  7:47  Armory, SCV  
  100  7:48  Marine, Engineering Bay  
  102  7:51  Marine  
  102  7:52  Widow Mine x2  
  102  7:55  Marine x2  
  109  8:00  Marine  
  109  8:03  Marauder  
  109  8:04  Medivac  
  109  8:05  Medivac  
  115  8:09  Supply Depot  
  115  8:11  Marine x2  
  115  8:12  Marine  
  118  8:17  Widow Mine  
  118  8:19  Marauder  
  120  8:21  Marine x2  
  120  8:22  SCV  
  121  8:30  Widow Mine  
  121  8:31  Marauder x2  
  127  8:34  Supply Depot  
  127  8:38  Orbital Command  
  127  8:53  Marine x2  
  129  8:56  Marine x2  
  129  8:59  Widow Mine  
  129  9:01  Medivac  
  137  9:03  Marauder  
  137  9:08  Marauder  
  139  9:13  Supply Depot  
  139  9:14  SCV  
  139  9:15  SCV  
  139  9:16  Starport  
  141  9:17  SCV  
  141  9:22  Liberator  
  142  9:24  Fusion Core  
  142  9:25  Refinery  
  142  9:26  Refinery  
  142  9:29  Marine, Marauder  
  145  9:36  Liberator  
  145  9:39  Supply Depot  
  145  9:43  Widow Mine, SCV  
  145  9:44  SCV  
  152  9:48  Widow Mine  
  154  9:54  Marine  
  154  9:56  Starport Tech Lab  
  154  9:58  SCV  
  161  10:07  Widow Mine  
  161  10:09  Widow Mine  
  162  10:17  SCV  
  162  10:18  Marauder  
Show
View Real Time Build Order
Export as new Build Order

Majestic Protoss 

Build Orders: 1 Gate Expand, Oracle Opening 

Get SALT Encoding   

  12  0:00  Probe  
  13  0:13  Probe  
  14  0:17  Pylon  
  14  0:23  Probe  
  15  0:31  Probe  
  16  0:38  Gateway  
  16  0:39  Probe  
  16  0:47  Assimilator  
  17  0:50  Probe  
  18  0:59  Probe  
  19  1:07  Probe  
  20  1:22  Nexus  
  20  1:33  Cybernetics Core  
  20  1:35  Probe  
  21  1:40  Assimilator  
  21  1:48  Probe  
  21  1:51  Pylon  
  22  2:00  Adept, Probe  
  23  2:12  Probe  
  26  2:19  Stargate  
  25  2:24  Probe  
  25  2:26  Adept  
  28  2:31  Warp Gate  
  28  2:36  Probe  
  28  2:37  Probe  
  30  2:45  Probe  
  30  2:48  Probe  
  32  2:52  Oracle  
  32  2:53  Adept, Probe  
  35  3:00  Probe  
  35  3:03  Probe  
  40  3:12  Probe, Pylon  
  41  3:15  Probe  
  42  3:22  Oracle  
  42  3:24  Probe  
  43  3:28  Probe  
  47  3:36  Probe  
  47  3:37  Pylon  
  47  3:40  Probe  
  49  3:43  Gateway  
  49  3:46  Gateway  
  49  3:49  Probe  
  49  3:52  Probe  
  49  3:54  Assimilator  
  51  3:57  Oracle  
  51  4:01  Probe  
  55  4:03  Assimilator  
  55  4:04  Probe  
  56  4:13  Probe  
  56  4:14  Pylon  
  56  4:16  Probe  
  58  4:24  Shield Battery  
  58  4:25  Probe, Pylon  
  58  4:28  Probe  
  60  4:35  Twilight Council  
  60  4:36  Forge  
  60  4:42  Gateway  
  60  4:43  Blink  
  60  4:45  Gateway  
  60  4:49  Protoss Ground Weapons Level 1  
  60  4:53  Sentry  
  60  4:54  Pylon  
  59  5:09  Gateway  
  59  5:11  Gateway  
  59  5:19  Gateway, Stalker x2  
  59  5:20  Stalker  
  65  5:26  Shield Battery  
  65  5:29  Pylon  
  62  5:38  Robotics Facility  
  62  5:42  Sentry  
  62  5:43  Stalker  
  66  5:52  Zealot x2, Stalker  
  51  6:07  Probe x2  
  51  6:08  Stalker x2  
  48  6:19  Probe x2  
  50  6:30  Robotics Bay  
  50  6:31  Probe x2  
  52  6:40  Protoss Ground Weapons Level 2  
  52  6:43  Sentry, Probe x2  
  56  6:55  Probe x2  
  58  7:03  Sentry, Nexus  
  58  7:04  Pylon  
  58  7:07  Probe  
  58  7:10  Probe  
  58  7:11  Disruptor  
  59  7:19  Probe  
  59  7:22  Probe  
  64  7:27  Stalker x2, Pylon  
  68  7:31  Probe  
  68  7:34  Probe  
  70  7:38  Disruptor  
  70  7:41  Stalker  
  75  7:51  Stalker x2  
  79  8:05  Disruptor  
  79  8:08  Gateway  
  79  8:09  Stalker  
  81  8:15  Stalker  
  84  8:25  Stalker x2  
  88  8:27  Stalker  
  88  8:28  Zealot x2  
  94  8:36  Probe x3  
  97  8:43  Sentry  
  99  8:49  Disruptor  
  102  9:00  Charge  
  102  9:01  Zealot x3  
  107  9:07  Stalker  
  109  9:11  Stalker  
  109  9:12  Stalker  
  109  9:15  Assimilator  
  109  9:16  Probe  
  114  9:21  Stalker  
  114  9:23  Pylon  
  116  9:24  Pylon  
  116  9:26  Pylon  
  116  9:29  Probe  
  117  9:36  Pylon  
  117  9:43  Shield Battery  
  121  9:47  Stalker  
  121  9:48  Zealot x2, Stalker x3  
  121  9:49  Zealot  
  132  9:58  Pylon  
  95  10:29  Stalker x2  
  95  10:30  Stalker x3  
Tags
 
Add a new tag
Caveats
  • Supply blocks, unpowered buildings, or Contaminate may cause inaccurate times.
  • Supply counts are checked every 10 seconds.